 Dungeon Crawl Stone Soup version 0.27.1-33-g824d729ab1 (webtiles) character file.

Game seed: 1554742304037220180

128 lonewolfV2 the Skirmisher (level 5, -16/47 HPs)
             Began as a Hill Orc Fighter on Dec 15, 2021.
             Demolished by an ogre (28 damage)
             ... on level 5 of the Dungeon.
             The game lasted 00:07:30 (3675 turns).

lonewolfV2 the Skirmisher (Hill Orc Fighter)        Turns: 3675, Time: 00:07:30

Health: -16/47     AC:  7    Str: 20    XL:     5   Next: 11%
Magic:  5/5        EV:  7    Int:  8    God:
Gold:   92         SH:  0    Dex: 10    Spells: 4/4 levels left

rFire    . . .     SeeInvis .   g - +4 morningstar (freeze)
rCold    . . .     Faith    .   c - +0 kite shield
rNeg     . . .     Spirit   .   b - +0 scale mail
rPois    .         Reflect  .   (no helmet)
rElec    .         Harm     .   (no cloak)
rCorr    .         Rampage  .   (no gloves)
Will     .....                  (no boots)
Stlth    ..........             (no amulet)
HPRegen  0.15/turn              (no ring)
MPRegen  0.09/turn              (no ring)

@: confused, ambrosia-drunk
A: no striking features
a: no special abilities


You were on level 5 of the Dungeon.
You visited 1 branch of the dungeon, and saw 5 of its levels.

You collected 654 gold pieces.
You spent 562 gold pieces at shops.

Inventory:

Hand Weapons
 a - a +0 war axe
 g - a +4 morningstar of freezing (weapon)
 h - a +2 mace of venom
 j - a +2 vorpal glaive
Armour
 b - a +0 scale mail (worn)
 c - a +0 kite shield (worn)
Scrolls
 k - 3 scrolls of identify
 l - a scroll of enchant weapon
 n - a scroll of teleportation
Potions
 d - 2 potions of might
 e - 2 potions of lignification
 f - a potion of heal wounds {unknown}
 i - 2 potions of ambrosia
 m - a potion of degeneration {unknown}
 o - a potion of curing {unknown}
 p - a potion of flight {unknown}
 q - a potion of invisibility {unknown}


   Skills:
 + Level 4.5 Fighting
 + Level 3.3(3.9) Axes
 + Level 2.5(3.1) Maces & Flails
 + Level 3.7 Armour
 + Level 0.4 Dodging
 + Level 4.0 Shields


You had 4 spell levels left.
You didn't know any spells.
Your spell library was empty.

Dungeon Overview and Level Annotations

Branches:
Dungeon (4/15)
 Temple: D:4-7

Altars:
Kikubaaqudgha
Qazlal

Shops:
D:1 *([


Message History

The bat zombie hits you but does no damage.
The bat zombie closely misses you. You block the bat zombie's attack.
The bat zombie hits you but does no damage.
You hit the bat zombie.
You destroy the bat zombie!
The rat zombie bites you but does no damage.
You puncture the rat zombie!
You destroy the rat zombie!
A rat zombie comes into view.
A rat zombie is nearby!
You puncture the rat zombie!
You destroy the rat zombie!
Found an ancient bone altar of Kikubaaqudgha.
k - 3 scrolls of identify (gained 1)
You open the door.
There is an open door here.
You open the door.
There is an open door here.
You fall into a shaft and drop 1 floor!
The shaft crumbles and collapses.
An ogre comes into view. It is wielding a +0 giant spiked club.
The ogre shouts!
Found a scroll of teleportation, 21 stones and a twisted bone amulet.
Found a stone staircase leading down.
You sock the ogre! You freeze the ogre.
The ogre is severely wounded.
The ogre hits you with a +0 giant spiked club!!
Ouch! That really hurt!
You barely miss the ogre.
The ogre is severely wounded.
The ogre hits you with a +0 giant spiked club!
* * * LOW HITPOINT WARNING * * *
You hit the ogre. You freeze the ogre.
The ogre is severely wounded.
You block the ogre's attack.
You are confused.
You feel invigorated.
The ogre hits you with a +0 giant spiked club!!
Ouch! That really hurt!
You die...

# ##.#### .
####..#..# ...
.........##.....
#..@......#
#..O.......
.......?.....
....>..........
##.............
.............(.
..##..."........
.# .............


You could see an ogre.

Vanquished Creatures
  Jessica (D:2)
  2 adders (D:2)
  4 dart slugs
  4 ball pythons
  A bat zombie (D:4)
  6 endoplasms
  3 giant cockroaches (D:2)
  8 goblins
  5 hobgoblins
  9 kobolds
  5 quokkas
  6 bats
  4 frilled lizards
  10 rats
  3 rat zombies (D:4)
71 creatures vanquished.

Notes
Turn   | Place    | Note
-------+----------+-------------------------------------------
     0 | D:1      | lonewolfV2 the Hill Orc Fighter began the quest for the
                  | Orb.
     0 | D:1      | Reached XP level 1. HP: 19/19 MP: 1/1
   188 | D:1      | Reached XP level 2. HP: 25/27 MP: 2/2
   214 | D:1      | Found Qyaroh's Antique Weapon Shop.
   444 | D:1      | Found Nuapheil's Armour Shop.
   715 | D:1      | Identified a scroll of acquirement
   715 | D:1      | Acquired 560 gold pieces
   789 | D:1      | Reached XP level 3. HP: 33/34 MP: 3/3
  1009 | D:1      | Bought a glowing morningstar for 175 gold pieces
  1009 | D:1      | Bought a runed mace for 150 gold pieces
  1009 | D:1      | Bought a runed glaive for 237 gold pieces
  1178 | D:1      | Found Goizxegh's General Store.
  1964 | D:2      | Reached skill level 1 in Maces & Flails
  1964 | D:2      | Reached XP level 4. HP: 40/41 MP: 4/4
  1972 | D:2      | Found a faded altar of an unknown god.
  2365 | D:2      | Noticed Jessica
  2373 | D:2      | Killed Jessica
  3120 | D:3      | Reached XP level 5. HP: 47/47 MP: 5/5
  3585 | D:4      | Found a stormy altar of Qazlal.
  3625 | D:4      | Found an ancient bone altar of Kikubaaqudgha.
  3670 | D:4      | You fall into a shaft and drop 1 floor!
  3670 | D:5      | Entered Level 5 of the Dungeon
  3670 | D:5      | Noticed an ogre
  3675 | D:5      | Demolished by an ogre

Illustrated notes

Levels and vault maps discovered:
D:1:      heliophobic_arrival_ceremonial_halls, layout_basic, serial_shops,
          nicolae_shop_behind_doors, nicolae_shop_stone, shop
D:2:      minmay_inner_zag, layout_basic, shapermc_ecumenical_altar_mp_vishouse,
          serial_park_tiny_pond, kennysheep_generic_room_8, uniq_jessica
D:3:      layout_basic, grunt_ministairs_2
D:4:      layout_loops_corners, lemuel_zombie_altar_kikubaaqudgha,
          mainiacjoe_overflow_tiny_flanked, amethyst_overflow_temple_binary,
          dk_rats_in_the_wall
D:5:      layout_cave_pools, trog_wizard, serial_shops, shop,
          minmay_joined_circles

Skill      XL: |  1  2  3  4  5 |
---------------+----------------+-----
Fighting       | 4 |  4.5
Axes           | 3 |  3.3
Maces & Flails | 1 2 |  2.5
Shields        | 4 |  4.0
Armour         | |  3.7
Dodging        | |  0.4

Action                   |  1- 3 |  4- 6 || total
-------------------------+-------+-------++-------
Melee: War axe           |    61 |       ||    61
       Morningstar       |    33 |    81 ||   114
  Use: Scroll            |     3 |     3 ||     6
       Potion            |     1 |     1 ||     2
Armor: Scale mail        |    59 |    50 ||   109
Dodge: Dodged            |    41 |    31 ||    72
Block: Kite shield       |    66 |    56 ||   122
